Map: Frost LE

Players

Zeal - Winner!

  • Race: Protoss Protoss
  • League: Grandmaster

TheoRy

  • Race: Protoss Protoss
  • League: Master

Event: Clash of the Clanless

VOD

Have the link to the VOD?

Description

Time

  • Played on: Aug. 20, 2016, 4:25 p.m.
  • Length: 11:10

All games in this series

Show
View Real Time Build Order
Export as new Build Order

Zeal Protoss - Winner!

Build Orders: Blink Stalkers 

Get SALT Encoding   

  12  0:00  Probe (Chrono Boost)  
  13  0:11  Probe (Chrono Boost)  
  14  0:17  Pylon  
  14  0:22  Probe (Chrono Boost)  
  15  0:35  Probe (Chrono Boost)  
  16  0:38  Gateway  
  16  0:46  Probe (Chrono Boost)  
  16  0:47  Assimilator  
  17  0:56  Probe (Chrono Boost)  
  18  0:58  Assimilator  
  18  1:07  Probe (Chrono Boost)  
  19  1:14  Gateway  
  19  1:17  Probe (Chrono Boost)  
  20  1:25  Cybernetics Core  
  20  1:28  Probe (Chrono Boost)  
  21  1:38  Pylon  
  22  1:40  Probe (Chrono Boost)  
  22  1:50  Probe (Chrono Boost)  
  23  1:58  Warp Gate  
  23  2:02  Mothership Core (Chrono Boost)  
  23  2:04  Stalker  
  23  2:06  Stalker  
  29  2:18  Pylon  
  29  2:34  Stalker  
  29  2:36  Stalker  
  34  2:51  Probe (Chrono Boost)  
  34  3:03  Probe (Chrono Boost)  
  35  3:06  Nexus  
  35  3:21  Pylon  
  35  3:24  Probe (Chrono Boost)  
  35  3:26  Twilight Council  
  36  3:28  Sentry  
  38  3:36  Probe (Chrono Boost)  
  39  3:48  Robotics Facility, Probe (Chrono Boost)  
  40  3:50  Blink  
  40  4:00  Probe (Chrono Boost)  
  41  4:12  Probe (Chrono Boost)  
  41  4:16  Stalker x2  
  46  4:20  Probe (Chrono Boost)  
  48  4:24  Probe (Chrono Boost)  
  48  4:30  Probe (Chrono Boost)  
  49  4:34  Pylon  
  49  4:40  Sentry  
  49  4:42  Observer  
  49  4:44  Probe (Chrono Boost)  
  49  4:45  Probe (Chrono Boost)  
  54  4:51  Gateway  
  54  4:54  Probe (Chrono Boost)  
  54  4:57  Probe (Chrono Boost)  
  56  5:09  Probe (Chrono Boost)  
  56  5:10  Probe (Chrono Boost)  
  56  5:13  Warp Prism, Assimilator  
  60  5:14  Stalker  
  60  5:15  Assimilator  
  60  5:19  Probe (Chrono Boost)  
  62  5:22  Probe (Chrono Boost)  
  62  5:23  Stalker  
  64  5:30  Probe (Chrono Boost)  
  64  5:34  Probe (Chrono Boost)  
  66  5:36  Pylon  
  66  5:40  Probe (Chrono Boost)  
  66  5:50  Probe (Chrono Boost)  
  66  5:51  Probe (Chrono Boost)  
  66  5:53  Pylon  
  67  5:57  Stalker x3  
  70  6:08  Probe (Chrono Boost)  
  70  6:09  Probe (Chrono Boost)  
  73  6:18  Probe (Chrono Boost)  
  73  6:21  Probe (Chrono Boost)  
  72  6:27  Nexus  
  72  6:29  Probe (Chrono Boost), Forge  
  72  6:30  Pylon  
  72  6:31  Probe (Chrono Boost)  
  74  6:42  Probe x2 (Chrono Boost)  
  74  6:43  Sentry  
  74  6:44  Charge  
  78  6:55  Probe (Chrono Boost)  
  78  6:56  Probe (Chrono Boost)  
  78  6:57  Templar Archives  
  78  6:58  Protoss Ground Weapons Level 1  
  80  7:04  Gateway  
  80  7:05  Gateway  
  80  7:13  Pylon  
  82  7:17  Probe x2 (Chrono Boost)  
  82  7:20  Gateway  
  82  7:24  Sentry  
  82  7:25  Zealot  
  82  7:26  Zealot  
  88  7:30  Immortal  
  92  7:39  Gateway  
  92  7:50  Pylon, Gateway  
  92  7:52  Pylon  
  92  8:03  High Templar  
  92  8:04  Immortal  
  94  8:09  High Templar  
  94  8:10  High Templar x2, Zealot  
  106  8:17  Archon x2  
  106  8:38  High Templar x2, Nexus  
  106  8:39  Pylon  
  110  8:42  Pylon  
  110  8:44  Photon Cannon  
  110  8:49  Archon  
  110  8:52  Warp Prism  
  110  8:57  Zealot x3  
  110  9:01  Zealot x2  
  110  9:02  Zealot  
  110  9:27  Zealot  
  110  9:28  Zealot x7  
  112  9:49  Pylon  
  112  9:50  High Templar x4  
  112  9:51  Zealot x3  
  126  9:55  Archon x2  
  126  10:11  High Templar x2  
  126  10:12  Zealot x2  
  134  10:15  Archon  
  134  10:20  Pylon  
  134  10:22  Zealot x3  
  134  10:23  Zealot  
  104  10:43  Zealot x2  
  104  10:44  Zealot x6  
Show
View Real Time Build Order
Export as new Build Order

TheoRy Protoss 

Build Orders: Phoenix Opening 

Get SALT Encoding   

  12  0:01  Probe (Chrono Boost)  
  13  0:11  Probe (Chrono Boost)  
  14  0:18  Pylon  
  14  0:22  Probe (Chrono Boost)  
  15  0:37  Probe (Chrono Boost)  
  15  0:38  Gateway  
  15  0:41  Assimilator  
  16  0:47  Probe (Chrono Boost)  
  17  0:56  Assimilator  
  17  0:58  Probe (Chrono Boost)  
  18  1:08  Probe (Chrono Boost)  
  19  1:19  Probe (Chrono Boost)  
  19  1:20  Gateway  
  20  1:25  Cybernetics Core  
  20  1:29  Probe (Chrono Boost)  
  20  1:32  Pylon  
  22  1:40  Probe (Chrono Boost)  
  22  1:50  Probe (Chrono Boost)  
  23  2:01  Probe (Chrono Boost)  
  24  2:07  Adept x2  
  28  2:09  Warp Gate  
  30  2:19  Pylon  
  30  2:27  Stargate  
  30  2:29  Mothership Core (Chrono Boost)  
  30  2:38  Stalker  
  30  2:43  Stalker  
  34  2:47  Probe (Chrono Boost)  
  35  3:02  Probe (Chrono Boost)  
  36  3:07  Phoenix  
  39  3:14  Probe (Chrono Boost)  
  38  3:29  Nexus  
  38  3:33  Pylon  
  38  3:39  Probe (Chrono Boost)  
  39  3:45  Stargate  
  39  3:52  Probe (Chrono Boost)  
  40  4:05  Probe (Chrono Boost)  
  40  4:06  Phoenix  
  43  4:15  Probe (Chrono Boost)  
  44  4:20  Sentry  
  44  4:22  Assimilator  
  46  4:26  Probe (Chrono Boost), Pylon  
  46  4:30  Robotics Facility  
  47  4:41  Probe (Chrono Boost)  
  47  4:45  Phoenix  
  50  4:49  Probe (Chrono Boost)  
  51  4:57  Phoenix  
  51  4:59  Probe (Chrono Boost)  
  54  5:02  Probe (Chrono Boost)  
  55  5:09  Assimilator  
  55  5:10  Probe (Chrono Boost)  
  55  5:13  Probe (Chrono Boost)  
  57  5:18  Phoenix  
  57  5:20  Probe (Chrono Boost)  
  60  5:23  Probe (Chrono Boost)  
  60  5:26  Immortal  
  65  5:31  Probe (Chrono Boost)  
  66  5:48  Probe x2 (Chrono Boost)  
  68  5:55  Pylon x2  
  68  5:57  Gateway  
  68  5:58  Probe (Chrono Boost)  
  68  6:00  Probe (Chrono Boost)  
  70  6:08  Immortal  
  70  6:09  Gateway  
  70  6:15  Pylon  
  74  6:23  Stalker x2  
  74  6:30  Void Ray  
  76  6:47  Stalker  
  76  6:48  Stalker, Gateway  
  78  6:54  Stalker  
  78  6:58  Immortal, Pylon  
  80  7:03  Stalker  
  86  7:15  Probe x2 (Chrono Boost)  
  88  7:27  Probe (Chrono Boost)  
  89  7:32  Warp Prism  
  89  7:36  Nexus  
  89  7:40  Probe (Chrono Boost)  
  92  7:56  Probe (Chrono Boost)  
  92  7:57  Probe (Chrono Boost)  
  94  7:59  Robotics Facility  
  94  8:03  Immortal  
  94  8:04  Gateway  
  94  8:05  Pylon  
  94  8:06  Probe (Chrono Boost), Gateway  
  94  8:09  Probe (Chrono Boost)  
  94  8:12  Forge  
  100  8:23  Twilight Council  
  100  8:24  Adept  
  103  8:35  Assimilator, Adept  
  103  8:37  Adept  
  103  8:39  Assimilator  
  106  8:42  Adept  
  106  8:45  Protoss Ground Weapons Level 1  
  108  8:52  Photon Cannon  
  108  8:56  Photon Cannon  
  108  9:03  Templar Archives  
  108  9:07  Gateway  
  107  9:11  Pylon  
  104  9:17  Adept x3  
  102  9:25  Adept x3  
  102  9:30  Immortal  
  102  9:31  Adept  
  97  9:40  High Templar x3  
  97  9:44  Archon  
  107  9:45  Immortal  
  107  9:48  High Templar, Probe (Chrono Boost)  
  107  9:51  Probe (Chrono Boost)  
  113  9:53  Mothership Core (Chrono Boost)  
  113  9:54  Archon  
  114  10:00  Probe (Chrono Boost)  
  114  10:02  Probe (Chrono Boost)  
  114  10:03  High Templar x3  
  114  10:05  High Templar  
  123  10:09  Archon x2  
  123  10:11  Probe (Chrono Boost)  
  123  10:12  Probe (Chrono Boost)  
  123  10:15  Photon Cannon  
  123  10:16  Probe (Chrono Boost)  
  124  10:26  Pylon x2  
  124  10:27  Pylon  
  109  10:37  Probe (Chrono Boost)  
  109  10:40  Zealot x3  
  89  10:43  Zealot x2  
  89  10:45  Zealot  
  89  10:48  Zealot  
Tags
 
Add a new tag
Caveats
  • Supply blocks, unpowered buildings, or Contaminate may cause inaccurate times.
  • Supply counts are checked every 10 seconds.